 Dungeon Crawl Stone Soup version 0.32-a0-433-g08bcfe7efd (webtiles) character file.

Game seed: 1911167461805358190

251 garrulousMonolith the Chopper (level 5, -2/46 HPs)
             Began as a Mountain Dwarf Fighter on Feb 22, 2024.
             Incinerated by a bombardier beetle (6 damage)
             ... with a burning spray
             ... on level 3 of the Dungeon.
             The game lasted 00:01:57 (2108 turns).

garrulousMonolith the Chopper (MDFi)                Turns: 2108, Time: 00:01:58

Health: -2/46      AC:  7    Str: 24    XL:     5   Next: 88%
Magic:  7/7        EV:  9    Int:  9    God:
Gold:   70         SH:  4    Dex: 11    Spells: 4/4 levels left

rFire   . . .        a - +0 war axe
rCold   . . .        c - +0 buckler
rNeg    . . .        b - +0 scale mail
rPois   .            (no helmet)
rElec   .            (no cloak)
rCorr   .            (no gloves)
SInv    .            (no boots)
Will    .....        (no amulet) Stlth
                     j - +6 ring of strength
HPRegen 0.27/turn    (no ring)
MPRegen 0.10/turn

%: no passive effects
@: on fire, glowing
A: runic magic, artefact enchanting
a: no special abilities


You were on level 3 of the Dungeon.
You visited 1 branch of the dungeon, and saw 3 of its levels.

You collected 70 gold pieces.

Inventory:

Hand Weapons
 a - a +0 war axe (weapon)
 k - a +1 dagger of venom
Armour
 b - a +0 scale mail (worn)
 c - a +0 buckler (worn)
Jewellery
 j - a +6 ring of strength (left hand)
 m - a ring of protection from fire
 n - a ring of fire
Scrolls
 e - a scroll of noise {unknown}
 g - a scroll of amnesia
 h - a scroll of enchant armour {unknown}
 l - a scroll of enchant weapon {unknown}
Potions
 d - 2 potions of might
 f - a potion of haste {unknown}
 i - a potion of curing {unknown}


   Skills:
 + Level 4.2 Fighting
 * Level 4.7 Axes
 + Level 4.3 Armour
 + Level 4.1 Shields
 + Level 2.7 Invocations


You had 4 spell levels left.
You didn't know any spells.
Your spell library contained the following spells:

 Spells                   Type           Power      Damage    Failure   Level
 Apportation              Tloc           0%         N/A       52%         1
 Jinxbite                 Hex            0%         N/A       65%         2
 Alistair's Intoxication  Alch           0%         N/A       100%        5


Dungeon Overview and Level Annotations

Branches:
Dungeon (3/15)

Altars:
Dithmenos


Innate Abilities, Weirdness & Mutations

Your spellcasting is much less encumbered by armour.
You can use scrolls of enchantment on lesser artefacts.


Message History

The liquid fire burns you!
The bombardier beetle sprays incendiary fluid at you.
The burning spray hits you.
You are even more covered in liquid fire!
Found a robe.
You shake off some of the fire as you move.
The liquid fire burns you!
You hit the bombardier beetle but do no damage.
The liquid fire burns you!
You block the bombardier beetle's attack.
You hit the bombardier beetle but do no damage.
The liquid fire burns you!
The bombardier beetle sprays incendiary fluid at you.
You block the burning spray.
You hit the bombardier beetle.
The bombardier beetle is moderately wounded.
The liquid fire burns you!
The bombardier beetle sprays incendiary fluid at you.
You block the burning spray.
You slash the bombardier beetle!
The bombardier beetle is almost dead.
The liquid fire burns you!
You hit the bombardier beetle but do no damage.
The bombardier beetle is almost dead.
The liquid fire burns you!
* * * LOW HITPOINT WARNING * * *
The bombardier beetle sprays incendiary fluid at you.
The burning spray hits you.
You are even more covered in liquid fire!
You hit the bombardier beetle but do no damage.
The bombardier beetle is almost dead.
The liquid fire burns you!
* * * LOW HITPOINT WARNING * * *
The bombardier beetle sprays incendiary fluid at you.
The burning spray hits you.
You are even more covered in liquid fire!
You slash the bombardier beetle!
You kill the bombardier beetle!
The liquid fire burns you!
You die...

## [. #. ### ##.# ##
#.# #.. ... ..# #.#
#.# #.##.# #### #.#
#.# #†#.# ...# #.#
#.####.@## ##.# #.#
#........## #.# #.#
#......##.#.#
#[###.###..........#
#........†.[...#####
#..##.##....)......#
#..##.##..#...####.#
#..##.##..##.##
#..##.##..####


There were no monsters in sight!

Vanquished Creatures
  A phantom (D:2)
  A bombardier beetle (D:3)
  A jelly (D:2)
  Jessica (D:3)
  2 orc wizards (D:3)
  2 adders
  2 orcs (D:3)
  2 ball pythons
  6 endoplasms
  A giant cockroach (D:2)
  8 goblins
  4 hobgoblins
  7 kobolds
  3 quokkas
  2 bats
  2 frilled lizards (D:1)
  6 rats
51 creatures vanquished.

Notes
Turn   | Place    | Note
-------+----------+-------------------------------------------
     0 | D:1      | garrulousMonolith the Mountain Dwarf Fighter began the
                  | quest for the Orb.
     0 | D:1      | Reached XP level 1. HP: 19/19 MP: 1/1
   292 | D:1      | Reached XP level 2. HP: 21/26 MP: 2/2
   588 | D:1      | Reached skill level 1 in Invocations
  1060 | D:2      | Noticed a phantom
  1063 | D:2      | Reached XP level 3. HP: 27/31 MP: 3/3
  1080 | D:2      | Killed a phantom
  1081 | D:2      | Reached XP level 4. HP: 29/40 MP: 3/5
  1419 | D:2      | Reached XP level 5. HP: 32/46 MP: 6/6
  1527 | D:2      | Found a faded altar of an unknown god.
  1705 | D:2      | Found a shadowy altar of Dithmenos.
  1997 | D:3      | Noticed Jessica
  2008 | D:3      | Killed Jessica
  2108 | D:3      | Incinerated by a bombardier beetle

Illustrated notes

Levels and vault maps discovered:
D:1:      evilmike_arrival_crescent, layout_basic, minivault_23
D:2:      layout_loops_cross, shapermc_ecumenical_altar_mp_ritualfount,
          basic_altar
D:3:      layout_loops_ring, serial_shops, shop, minmay_checkerbox,
          uniq_grinder, uniq_jessica, uniq_ijyb

Skill      XL: |  1  2  3  4  5 |
---------------+----------------+-----
Axes           | 3 4 |  4.7
Invocations    | 1 2 |  2.7
Fighting       | 4 |  4.2
Armour         | 4 |  4.3
Shields        | 4 |  4.1

Action                     |  1- 3 |  4- 6 || total
---------------------------+-------+-------++-------
  Melee: War axe           |    68 |    74 ||   142
    Use: Scroll            |     1 |       ||     1
         Potion            |       |     2 ||     2
 Armour: Scale mail        |    55 |    68 ||   123
  Dodge: Dodged            |    27 |    35 ||    62
  Block: Buckler           |    11 |    15 ||    26

Table legend: (Time is in decaauts)
 A = Elapsed time spent in this place.
 B = Non-inter-level travel time spent in this place.
 C = Inter-level travel time spent in this place.
 D = Time resting spent in this place.
 E = Time spent auto-exploring this place.
 F = Levels seen in this place.
 G = Mean time per level.
                   A        B        C        D        E       F      G
               +--------+--------+--------+--------+--------+-----+--------+
         Total |   2157 |   2089 |     68 |    138 |   1577 |   3 |  719.0 |
       Dungeon |   2157 |   2089 |     68 |    138 |   1577 |   3 |  719.0 |
               +--------+--------+--------+--------+--------+-----+--------+

Top non-repeatable levels by time:
     D:1: 1063 daAuts
     D:2: 832 daAuts
     D:3: 261 daAuts
